Map: 이스트와치 - 래더

Players

Solar

  • Race: Zerg Zerg
  • Spawn Location: 1:00

Dark - Winner!

  • Race: Zerg Zerg
  • Spawn Location: 7:00

Event: IEM Season 12 - Katowice

VOD

Have the link to the VOD?

Description

Time

  • Played on: March 1, 2018, 1:09 p.m.
  • Length: 17:39

All games in this series

Show
View Real Time Build Order
Export as new Build Order

Solar Zerg 

Build Orders: 3 Hatch before Pool 

Get SALT Encoding   

  12  0:02  Drone  
  13  0:13  Overlord  
  13  0:17  Drone  
  14  0:31  Drone x2  
  16  0:36  Drone  
  17  0:52  Hatchery  
  17  0:55  Drone  
  17  0:58  Drone  
  18  1:09  Drone  
  19  1:21  Hatchery  
  18  1:27  Extractor  
  18  1:30  Drone  
  18  1:38  Spawning Pool  
  17  1:41  Drone  
  17  1:45  Drone  
  19  1:50  Drone  
  20  2:03  Drone  
  20  2:05  Drone  
  22  2:16  Drone x2  
  24  2:25  Queen x2  
  24  2:27  Metabolic Boost  
  28  2:33  Queen  
  30  2:39  Overlord  
  30  2:42  Drone  
  31  2:45  Drone  
  31  2:48  Zergling x2  
  33  2:58  Zergling x4  
  33  3:00  Drone x4  
  33  3:05  Overlord  
  39  3:07  Zergling x2  
  39  3:11  Drone x2  
  42  3:18  Overlord  
  41  3:25  Overlord  
  41  3:27  Roach Warren  
  41  3:28  Zergling x2  
  41  3:29  Zergling x2  
  41  3:33  Zergling x2  
  41  3:34  Zergling x2  
  44  3:36  Zergling x2  
  44  3:37  Zergling x2  
  44  3:39  Zergling x2  
  44  3:41  Drone  
  48  3:43  Drone  
  48  3:44  Drone  
  48  3:48  Drone  
  51  3:49  Drone  
  51  3:53  Overlord  
  52  4:00  Overlord  
  52  4:06  Zergling x2  
  52  4:07  Zergling x4  
  52  4:09  Roach x3  
  61  4:11  Roach  
  61  4:13  Roach  
  64  4:18  Roach  
  64  4:22  Roach x2  
  70  4:26  Roach  
  70  4:27  Zergling x4  
  70  4:29  Zergling x2  
  75  4:31  Zergling x2  
  75  4:32  Zergling x2  
  75  4:35  Overlord  
  77  4:43  Roach x2  
  77  4:44  Zergling x4  
  77  4:45  Zergling x2  
  78  4:54  Roach  
  78  4:55  Zergling x6  
  79  5:05  Zergling x6  
  80  5:10  Extractor  
  80  5:11  Drone x2  
  81  5:15  Drone  
  81  5:17  Overlord  
  81  5:19  Drone  
  82  5:25  Drone  
  82  5:28  Drone, Evolution Chamber  
  84  5:30  Drone  
  84  5:31  Drone x2  
  84  5:32  Drone  
  84  5:33  Drone x2  
  84  5:34  Drone  
  90  5:40  Drone x2  
  90  5:42  Drone  
  83  5:44  Drone  
  83  5:47  Drone  
  82  5:50  Drone  
  82  5:51  Drone  
  82  5:54  Drone  
  85  5:59  Zerg Missile Weapons Level 1  
  85  6:01  Drone x2  
  85  6:03  Drone  
  88  6:05  Drone  
  88  6:09  Lair  
  88  6:10  Drone  
  90  6:14  Drone x2  
  90  6:15  Extractor  
  91  6:18  Drone x2  
  91  6:19  Drone  
  91  6:21  Drone  
  91  6:22  Drone  
  91  6:24  Overlord  
  96  6:27  Overlord  
  96  6:29  Drone  
  96  6:31  Drone  
  97  6:36  Overlord, Extractor  
  97  6:37  Extractor  
  97  6:38  Overlord  
  95  6:43  Drone x3  
  95  6:45  Drone x2  
  95  6:46  Extractor  
  99  6:48  Drone x3  
  99  6:49  Drone  
  99  6:52  Overlord  
  103  6:59  Drone x2  
  105  7:04  Roach x4  
  113  7:08  Overseer  
  113  7:09  Glial Reconstitution  
  113  7:10  Spire  
  112  7:15  Overlord  
  112  7:18  Roach x3  
  112  7:22  Overlord  
  118  7:25  Unknown  
  118  7:28  Drone x2  
  118  7:29  Drone x4  
  123  7:30  Overlord  
  123  7:32  Overlord  
  123  7:36  Overlord  
  123  7:42  Roach x3  
  128  7:47  Overlord x2  
  128  7:59  Baneling Nest  
  127  8:05  Hatchery  
  127  8:11  Overlord  
  136  8:15  Unknown  
  127  8:24  Mutalisk x11  
  149  8:31  Overlord x2  
  149  8:32  Extractor, Overlord  
  148  8:34  Extractor  
  148  8:35  Zerg Flyer Armor Level 1  
  148  8:36  Zergling x2  
  148  8:37  Zergling x6  
  149  8:41  Mutalisk  
  149  8:46  Mutalisk  
  149  8:48  Zergling x4  
  151  8:54  Mutalisk  
  153  8:57  Zergling x10  
  153  8:59  Mutalisk  
  160  9:05  Mutalisk  
  160  9:07  Unknown, Zergling x12  
  160  9:08  Unknown  
  168  9:11  Mutalisk  
  170  9:17  Queen, Mutalisk  
  170  9:19  Zergling x4  
  176  9:26  Mutalisk  
  176  9:27  Mutalisk  
  176  9:28  Zergling x2  
  176  9:29  Zergling x8  
  184  9:34  Mutalisk  
  184  9:37  Zergling x2  
  184  9:38  Zergling x6  
  190  9:45  Mutalisk x2  
  182  9:57  Mutalisk x3  
  182  9:59  Zergling x8  
  180  10:00  Zergling x2  
  180  10:03  Mutalisk  
  151  10:08  Mutalisk  
  151  10:09  Zergling x2  
  151  10:10  Zergling x6  
  143  10:15  Mutalisk x2  
  143  10:20  Mutalisk  
  135  10:22  Zergling x8  
  135  10:27  Mutalisk  
  137  10:30  Zergling x2  
  137  10:31  Zergling x4  
  137  10:35  Mutalisk x2  
  134  10:41  Mutalisk  
  136  10:43  Roach x3, Zergling x2  
  136  10:47  Zergling x4  
  143  10:52  Zergling x8  
  143  10:55  Zergling x2  
  143  10:56  Zergling x4  
  150  11:00  Mutalisk x2  
  154  11:06  Mutalisk x2  
  158  11:11  Zerg Melee Weapons Level 1  
  158  11:12  Mutalisk  
  158  11:16  Mutalisk  
  162  11:22  Mutalisk  
  160  11:25  Zergling x2  
  160  11:26  Zergling x8  
  160  11:29  Mutalisk  
  161  11:36  Mutalisk x2  
  156  11:40  Roach x3  
  156  11:46  Queen  
  151  11:47  Mutalisk x2  
  151  11:49  Zergling x2  
  151  11:50  Zergling x2  
  151  11:52  Mutalisk  
  144  11:56  Zergling x6  
  144  11:59  Drone x2  
  144  12:00  Drone  
  145  12:02  Mutalisk  
  143  12:15  Zergling x2  
  143  12:16  Zergling x8  
  143  12:22  Roach x3  
  131  12:26  Roach  
  131  12:29  Roach  
  137  12:30  Roach x4  
  137  12:33  Roach  
  137  12:35  Roach  
  141  12:38  Roach x2  
  141  12:42  Ravager x5  
  150  12:46  Roach x2  
  150  12:49  Roach x2  
  158  12:52  Roach  
  158  12:55  Ravager  
  158  12:56  Ravager x2  
  158  12:57  Roach  
  165  12:59  Roach  
  165  13:01  Roach  
  165  13:05  Roach x2  
  167  13:07  Roach  
  167  13:08  Roach  
  167  13:11  Roach  
  167  13:13  Roach  
  167  13:15  Roach  
  167  13:16  Roach  
  167  13:18  Roach  
  177  13:20  Roach  
  177  13:24  Zerg Missile Weapons Level 2  
  177  13:27  Roach  
  177  13:28  Roach  
  177  13:30  Ravager x2  
  177  13:31  Roach  
  177  13:33  Roach  
  187  13:35  Roach  
  187  13:38  Roach  
  187  13:39  Roach  
  193  13:43  Roach x2  
  195  13:49  Roach x2  
  199  13:56  Overlord  
  199  14:02  Hatchery  
  196  14:03  Overlord  
  183  14:14  Roach x4  
  181  14:18  Roach x3  
  181  14:20  Roach  
  181  14:22  Roach  
  174  14:25  Roach  
  174  14:27  Roach  
  174  14:30  Roach  
  162  14:32  Roach  
  162  14:35  Roach  
  162  14:37  Roach  
  147  14:40  Roach  
  147  14:42  Roach  
  139  14:46  Roach  
  139  14:49  Hydralisk Den  
  118  14:57  Spore Crawler, Roach  
  118  14:58  Roach x2  
  118  14:59  Roach  
  121  15:05  Roach x2  
  123  15:08  Roach  
  123  15:12  Ravager x5  
  123  15:13  Ravager  
  131  15:16  Roach  
  131  15:21  Roach  
  135  15:25  Roach  
  137  15:29  Roach  
  137  15:32  Ravager  
  135  15:36  Roach x2  
  135  15:40  Roach  
  135  15:43  Roach  
  135  15:46  Roach  
  135  15:49  Roach  
  123  15:59  Hydralisk  
  123  16:00  Spore Crawler  
  123  16:03  Hydralisk  
  120  16:07  Spore Crawler  
  120  16:10  Hydralisk  
  109  16:17  Grooved Spines  
  104  16:19  Hydralisk  
  104  16:24  Hydralisk  
  102  16:28  Hydralisk  
  90  16:36  Hydralisk  
  89  16:41  Hydralisk  
  85  16:51  Hydralisk  
  75  17:01  Hydralisk  
  75  17:08  Hydralisk  
  77  17:15  Hydralisk  
Show
View Real Time Build Order
Export as new Build Order

Dark Zerg - Winner!

Build Orders: 3 Hatch before Pool, Zergling Baneling 

Get SALT Encoding   

  12  0:00  Drone  
  13  0:12  Overlord  
  13  0:17  Drone  
  14  0:31  Drone x2  
  14  0:35  Drone  
  17  0:52  Hatchery  
  17  0:54  Drone  
  17  1:11  Drone  
  18  1:18  Hatchery  
  17  1:25  Drone, Extractor  
  17  1:36  Spawning Pool  
  17  1:38  Drone  
  17  1:41  Drone  
  17  1:44  Drone  
  19  1:55  Drone  
  20  2:06  Drone  
  20  2:07  Drone  
  22  2:14  Drone  
  23  2:23  Queen x2  
  23  2:25  Zergling x2  
  23  2:26  Metabolic Boost  
  28  2:32  Drone  
  28  2:35  Overlord  
  29  2:41  Drone x2  
  29  2:43  Drone  
  32  2:49  Drone  
  33  2:51  Drone  
  33  2:56  Drone  
  33  2:58  Queen  
  37  3:03  Baneling Nest  
  37  3:05  Drone  
  37  3:07  Drone  
  37  3:11  Overlord  
  37  3:20  Zergling x2  
  37  3:21  Zergling x6  
  37  3:24  Zergling x2  
  42  3:32  Zergling x8  
  42  3:33  Zergling x2  
  42  3:34  Zergling x2  
  48  3:37  Zergling x4  
  50  3:44  Overlord  
  50  3:45  Overlord  
  50  3:52  Baneling x2  
  50  3:57  Overlord  
  50  4:04  Zergling x16  
  57  4:11  Zergling x6  
  57  4:13  Zergling x2  
  57  4:16  Baneling x3  
  61  4:22  Zergling x6  
  64  4:25  Baneling x2  
  64  4:26  Baneling x3  
  64  4:31  Zergling x2  
  64  4:32  Zergling x4  
  63  4:48  Zergling x14  
  60  4:55  Zergling x6  
  60  4:58  Drone x2  
  60  4:59  Zergling x4  
  61  5:09  Drone x2, Roach Warren  
  61  5:11  Drone x2  
  62  5:17  Baneling x2  
  62  5:19  Baneling x2  
  61  5:22  Zergling x4  
  61  5:23  Zergling x6  
  61  5:25  Extractor  
  61  5:26  Baneling x3  
  65  5:28  Zergling x2  
  65  5:34  Drone x3  
  69  5:36  Drone x2  
  70  5:48  Drone x2  
  70  5:49  Drone  
  72  5:51  Extractor  
  72  5:55  Evolution Chamber  
  70  5:59  Roach  
  70  6:00  Overlord  
  72  6:04  Overlord  
  72  6:09  Lair  
  72  6:16  Overlord  
  72  6:19  Roach x3  
  72  6:20  Drone x3  
  81  6:26  Drone  
  81  6:27  Drone x2  
  81  6:28  Drone  
  81  6:31  Drone x3  
  81  6:32  Zerg Missile Weapons Level 1  
  88  6:34  Drone x3  
  88  6:35  Drone  
  88  6:37  Drone  
  93  6:45  Drone x3  
  96  6:47  Overlord  
  96  6:49  Drone  
  96  6:53  Drone  
  98  6:55  Overlord  
  98  6:59  Extractor  
  98  7:01  Drone x2, Extractor  
  97  7:02  Overlord, Extractor  
  97  7:06  Overseer  
  97  7:12  Spire, Glial Reconstitution  
  97  7:14  Drone x2, Overlord  
  97  7:15  Drone x4  
  102  7:16  Drone  
  102  7:21  Roach x2  
  107  7:35  Roach x5  
  107  7:36  Roach  
  117  7:38  Overlord x2  
  117  7:39  Overseer  
  117  7:43  Overlord  
  117  7:48  Drone  
  118  7:52  Unknown  
  118  7:56  Overlord  
  118  7:58  Roach x3  
  124  8:00  Hatchery  
  124  8:01  Roach x2  
  127  8:08  Roach x5  
  127  8:09  Roach x2  
  141  8:28  Roach x3  
  147  8:38  Corruptor x4  
  147  8:39  Corruptor x2  
  156  8:46  Zerg Missile Weapons Level 2  
  156  8:48  Drone  
  156  8:49  Drone x2  
  156  8:50  Overlord  
  156  8:52  Corruptor  
  161  8:58  Spore Crawler  
  161  8:59  Spore Crawler  
  159  9:05  Overlord x2  
  159  9:10  Zerg Flyer Armor Level 1  
  159  9:20  Overlord  
  159  9:21  Overlord  
  159  9:24  Corruptor x3  
  159  9:27  Corruptor  
  159  9:30  Spore Crawler  
  165  9:31  Overlord x2  
  165  9:32  Roach  
  167  9:44  Roach x8  
  169  9:56  Corruptor x2  
  158  10:04  Roach x4  
  142  10:07  Roach x2  
  142  10:09  Corruptor  
  142  10:14  Corruptor  
  134  10:19  Roach x2  
  134  10:20  Roach  
  126  10:27  Corruptor  
  122  10:29  Queen x3  
  122  10:32  Drone x2  
  122  10:34  Extractor  
  122  10:35  Extractor  
  124  10:39  Roach x3  
  124  10:42  Corruptor x2  
  124  10:54  Roach x2  
  124  10:55  Roach x7  
  130  11:05  Roach, Corruptor  
  130  11:08  Roach x2  
  130  11:09  Corruptor  
  140  11:16  Corruptor  
  142  11:30  Corruptor  
  142  11:31  Corruptor x2  
  136  11:46  Corruptor  
  124  11:47  Corruptor  
  124  11:48  Roach x7  
  124  11:49  Roach x2  
  124  11:50  Queen  
  124  11:52  Roach x2  
  136  11:56  Corruptor  
  136  11:58  Spore Crawler  
  136  12:00  Roach  
  121  12:03  Roach x2  
  127  12:15  Roach  
  127  12:16  Roach x4  
  127  12:17  Roach x3  
  127  12:22  Roach x2  
  133  12:24  Roach  
  133  12:31  Roach  
  133  12:36  Corruptor x3  
  141  12:40  Corruptor  
  143  12:45  Drone x3  
  143  12:49  Roach x2  
  152  12:51  Roach  
  152  12:54  Ravager x2  
  158  12:58  Roach x3  
  160  13:05  Roach  
  152  13:14  Roach x6  
  152  13:17  Overlord x2  
  160  13:38  Mutalisk x5  
  170  13:50  Roach x3  
  170  13:51  Overlord x2  
  174  13:56  Roach  
  174  14:02  Roach  
  166  14:10  Roach x4  
  166  14:11  Roach x4  
  164  14:19  Roach x3  
  164  14:20  Roach x3  
  164  14:21  Roach x2  
  161  14:25  Roach  
  149  14:33  Roach x3  
  149  14:36  Mutalisk  
  138  14:45  Mutalisk x3  
  127  14:55  Roach x3  
  131  15:04  Mutalisk x2  
  133  15:07  Mutalisk  
  133  15:15  Ravager x3  
  133  15:16  Ravager  
  137  15:22  Ravager  
  137  15:24  Roach x4  
  126  15:48  Roach x4  
  126  15:49  Roach  
  115  15:57  Roach  
  102  16:00  Roach  
  102  16:01  Roach  
  87  16:08  Mutalisk  
  87  16:12  Mutalisk x2  
  87  16:18  Mutalisk  
  87  16:21  Mutalisk  
  87  16:27  Roach  
  58  16:59  Roach  
  60  17:11  Roach  

Tags
 
Add a new tag
Caveats
  • Supply blocks, unpowered buildings, or Contaminate may cause inaccurate times.
  • Supply counts are checked every 10 seconds.